 Dungeon Crawl Stone Soup version 0.23.2-1-ga50397a (webtiles) character file.

Game seed: 11119638312877847366

2931 Fang the Fighter (level 9, -2/59 HPs)
             Began as a Gargoyle Berserker on Apr 15, 2019.
             Was a Priest of Trog.
             Slain by a killer bee (5 damage)
             ... while paralysed
             ... on level 7 of the Dungeon.
             The game lasted 00:07:33 (5491 turns).

Fang the Fighter (Gargoyle Berserker)               Turns: 5491, Time: 00:07:34

Health: -2/59      AC: 24    Str: 25    XL:     9   Next: 79%
Magic:  9/9        EV:  2    Int:  7    God:    Trog [***...]
Gold:   513        SH:  0    Dex:  9    Spells: 8/8 levels left

rFire    + . .     SeeInvis +   a - +3 battleaxe
rCold    . . .     Gourm    .   (shield currently unavailable)
rNeg     + . .     Faith    .   b - +5 plate armour {rF+}
rPois    ∞         Spirit   .   (no helmet)
rElec    +         Reflect  .   (no cloak)
rCorr    .         Harm     .   (no gloves)
MR       .....                  (no boots)
Stlth    ..........             (no amulet)
HPRegen  0.19/turn              d - ring of see invisible
MPRegen  0.11/turn              (no ring)

@: paralysed, berserk cooldown, slowed
A: negative energy resistance 1, electricity resistance, unbreathing,
petrification resistance, rot immunity, AC +6
a: Berserk, Trog's Hand, Renounce Religion


You were on level 7 of the Dungeon.
You worshipped Trog.
Trog was most pleased with you.
You were very hungry.

You visited 1 branch of the dungeon, and saw 7 of its levels.

You collected 513 gold pieces.

Inventory:

Hand Weapons
 a - a +3 battleaxe (weapon)
 u - a +2 war axe
Armour
 b - a +5 plate armour of fire resistance (worn)
Jewellery
 d - a ring of see invisible (left hand)
Wands
 s - a wand of polymorph (7)
 t - a wand of iceblast (11)
Scrolls
 f - 2 scrolls of remove curse
 h - a scroll of fear
 i - 6 scrolls of identify
 l - a scroll of blinking
 p - 3 scrolls of teleportation
Potions
 g - 4 potions of brilliance {unknown}
 j - a potion of mutation {unknown}
 k - a potion of degeneration {unknown}
 m - 2 potions of agility
 n - 2 potions of curing {unknown}
 o - 2 potions of lignification {unknown}
 r - a potion of heal wounds {unknown}
 w - a potion of cancellation {unknown}
Comestibles
 c - 9 rations
 x - 5 chunks of flesh


   Skills:
 + Level 8.0 Fighting
 + Level 6.6 Axes
 + Level 7.5 Armour
 + Level 5.7 Dodging


You had 8 spell levels left.
You didn't know any spells.
Your spell library was empty.

Dungeon Overview and Level Annotations

Branches:
Dungeon (7/15)             Temple (0/1) D:7

Altars:
Gozag
Makhleb
Okawaru
Sif Muna
The Shining One


Innate Abilities, Weirdness & Mutations

You are resistant to torment.
Your stone body is resilient. (AC +6)
You are immune to poison.
You resist negative energy. (rN+)
You are resistant to electric shocks. (rElec)
You can survive without breathing.
You are immune to petrification.
You are immune to rotting.


Message History

You miss the killer bee. The killer bee barely misses you.
The killer bee stings you but does no damage. x2
You miss the killer bee.
The killer bee is severely wounded.
You miss the killer bee. The killer bee stings you.
* * * LOW HITPOINT WARNING * * *
The killer bee stings you but does no damage. x2
The killer bee closely misses you.
The killer bee stings you but does no damage.
You feel a strong urge to attack something.
You are no longer berserk.
You pass out from exhaustion.
You feel yourself slow down.
The killer bee stings you but does no damage.
The killer bee stings you but does no damage. x4
The killer bee barely misses you. The killer bee stings you.
* * * LOW HITPOINT WARNING * * *
The killer bee stings you but does no damage. x2
The killer bee stings you.
You die...

*,,,* ##...#... ###,,###
#.(...... #..,...###........
###.##...##.........
###....#...##........#
#....................#
*#...................#
###.).......#.........#
#.....@.....#.........#
##....yy†...##.#........
#........#.#####........
**###..........## ##.#####.
**,,.............# #.* #.
**,,,..........#..# #.* #.
*,..,,.#.......##.# ***,***
#. **#..###.....###*##
*##+*** #.
#..#...#....#*,,***#⌠.⌠####.


You could see 2 killer bees.

Vanquished Creatures
  Joseph (D:7)
  Grinder (D:4)
  The ghost of DonnieDarkness the Chopper, an amateur FoFi (D:4)
  A hungry ghost (D:7)
  3 ogres
  An ice beast (D:7)
  4 sky beasts
  A necrophage (D:4)
  A bullfrog (D:7)
  3 killer bees (D:7)
  5 wights (D:6)
  3 crimson imps
  3 bullfrog zombies
  A quasit (D:7)
  4 hounds (D:7)
  3 orc priests
  A jelly (D:5)
  A bullfrog skeleton (D:7)
  Jessica (D:5)
  3 orc wizards
  An iguana (D:6)
  3 worker ants
  A killer bee zombie (D:7)
  A hound zombie (D:6)
  A hound skeleton (D:4)
  A worker ant zombie (D:6)
  6 adders
  A shadow imp (D:5)
  3 worms
  A dart slug (D:2)
  2 leopard geckos
  16 orcs
  2 giant cockroaches
  6 goblins
  5 hobgoblins
  10 jackals
  3 quokkas
  6 frilled lizards
  4 kobolds
  4 rats
119 creatures vanquished.

Notes
Turn   | Place    | Note
-------+----------+-------------------------------------------
     0 | D:1      | Fang the Gargoyle Berserker began the quest for the Orb.
     0 | D:1      | Reached XP level 1. HP: 14/14 MP: 1/1
   314 | D:1      | Reached XP level 2. HP: 19/19 MP: 2/2
   777 | D:2      | Found a burning altar of Makhleb.
   794 | D:2      | Reached XP level 3. HP: 21/23 MP: 3/3
  1543 | D:3      | Reached XP level 4. HP: 25/29 MP: 4/4
  1594 | D:3      | Reached ** piety under Trog
  1763 | D:3      | Found an iron altar of Okawaru.
  1779 | D:3      | Reached skill level 4 in Fighting
  1958 | D:4      | Found a runed translucent gate.
  1958 | D:4      | Found a runed translucent gate.
  1959 | D:4      | Found a runed translucent gate.
  1960 | D:4      | Found an opulent altar of Gozag.
  1961 | D:4      | Noticed a necrophage
  1961 | D:4      | Noticed DonnieDarkness's ghost (amateur FoFi)
  2023 | D:4      | Noticed Grinder
  2033 | D:4      | Paralysed by Grinder for 6 turns
  2056 | D:4      | Paralysed by Grinder for 4 turns
  2086 | D:4      | Killed Grinder
  2086 | D:4      | Reached XP level 5. HP: 9/34 MP: 5/5
  2086 | D:4      | Reached XP level 6. HP: 11/39 MP: 6/6
  2793 | D:4      | Found a deep blue altar of Sif Muna.
  2793 | D:4      | Found a glowing golden altar of the Shining One.
  3031 | D:4      | Killed a necrophage
  3043 | D:4      | Killed DonnieDarkness's ghost
  3043 | D:4      | Reached skill level 5 in Fighting
  3043 | D:4      | Reached XP level 7. HP: 44/44 MP: 7/7
  3136 | D:5      | Entered Level 5 of the Dungeon
  3221 | D:5      | Reached skill level 5 in Armour
  3260 | D:5      | Reached XP level 8. HP: 25/51 MP: 8/8
  3330 | D:5      | Reached skill level 5 in Axes
  3464 | D:5      | Reached skill level 6 in Fighting
  3974 | D:5      | Noticed Jessica
  3986 | D:5      | Found a deep blue altar of Sif Muna.
  4025 | D:5      | Killed Jessica
  4572 | D:6      | Found the +3 sling "Punk" {acid, rCorr}
  4790 | D:6      | Reached XP level 9. HP: 34/56 MP: 9/9
  4795 | D:6      | Reached skill level 7 in Fighting
  5095 | D:7      | Noticed Joseph
  5104 | D:7      | Reached skill level 5 in Dodging
  5110 | D:7      | Killed Joseph
  5178 | D:7      | Reached *** piety under Trog
  5369 | D:7      | Paralysed by fainting for 6 turns
  5483 | D:7      | Reached skill level 8 in Fighting
  5491 | D:7      | Slain by a killer bee

Skill      XL: |  1  2  3  4  5  6  7  8  9 |
---------------+----------------------------+-----
Axes           | 3 4 5 6 |  6.6
Dodging        | 2 3 4 5 |  5.7
Armour         | 3 4 5 6 7 |  7.5
Fighting       | 4 5 6 8 |  8.0

Action                   |  1- 3 |  4- 6 |  7- 9 || total
-------------------------+-------+-------+-------++-------
Melee: Hand axe          |   154 |   111 |   285 ||   550
       Battleaxe         |       |       |   104 ||   104
Invok: Berserk           |       |     2 |     4 ||     6
       Trog's Hand       |       |     2 |     1 ||     3
  Use: Scroll            |       |       |    12 ||    12
  Eat: Chunk             |     2 |     2 |    12 ||    16
       Ration            |       |     2 |     2 ||     4
Armor: Plate armour      |    93 |    73 |   423 ||   589
Dodge: Dodged            |    45 |    37 |   237 ||   319
